 Dungeon Crawl Stone Soup version 0.30-a0-808-g6e0788376e (webtiles) character file.

Game seed: 6827627880892118160

42 demibob the Poker (level 3, -3/27 HPs)
             Began as a Merfolk Gladiator on Feb 26, 2023.
             Slain by a kobold
             ... wielding a +0 whip of electrocution
              (12 damage)
             ... on level 2 of the Dungeon.
             The game lasted 00:01:31 (903 turns).

demibob the Poker (Merfolk Gladiator)                Turns: 903, Time: 00:01:32

Health: -3/27      AC: 14    Str: 13    XL:     3   Next: 54%
Magic:  3/3        EV: 13    Int: 11    God:
Gold:   26         SH:  0    Dex: 16    Spells: 2/2 levels left

rFire   . . .      SeeInvis .    a - +0 trident
rCold   . . .      Faith    .    (no shield)
rNeg    . . .      Spirit   .    b - +0 leather armour
rPois   .          Reflect  .    c - +0 helmet
rElec   .          Harm     .    k - +0 cloak
rCorr   .          Rampage  .    j - +0 pair of gloves
Will    .....                    (no boots)
Stlth   +                        (no amulet)
HPRegen 0.24/turn                T - +4 ring of protection
MPRegen 0.08/turn                t - +4 ring of protection

@: no status effects
A: (nimble swimmer 2), mertail, claws 1, clever 1
a: no special abilities


You were on level 2 of the Dungeon.
You visited 1 branch of the dungeon, and saw 2 of its levels.

You collected 26 gold pieces.


Innate Abilities, Weirdness & Mutations

((You are very nimble when in or above water. (Stealth+, EV+, Speed+++)))
Your lower body shifts to a powerful aquatic tail in water.
You have sharp fingernails.
Your mind is acute. (Int +4, Str/Dex -1)


   Skills:
 - Level 2.1 Fighting
 + Level 5.9 Polearms
 - Level 2.0 Throwing
 - Level 4.0 Dodging


You had 2 spell levels left.
You didn't know any spells.
Your spell library was empty.

Inventory:

Hand Weapons
 a - a +0 trident (weapon)
Missiles
 d - 3 throwing nets (quivered) {=f}
 e - a javelin
Armour
 b - a +0 leather armour (worn)
 c - a +0 helmet (worn)
 j - a +0 pair of gloves (worn)
 k - a +0 cloak (worn)
Jewellery
 t - a +4 ring of protection (right hand)
 T - a +4 ring of protection (left hand)
Scrolls
 f - 3 scrolls of torment {unknown}
 g - a scroll of identify {unknown}
 h - 2 scrolls of blinking {unknown}
 i - a scroll of vulnerability {unknown}
Potions
 m - a potion of might {unknown}
 n - a potion of curing {unknown}

Dungeon Overview and Level Annotations

Branches:
Dungeon (2/15)

Altars:

Annotations:
D:2 Jessica

#...#.. ...$..# ...
.)..... #.#.#
....... #.#.#
......# #.#.#
##.....# #.#.#
#l....# #.#.# #K#
#.#.###@#####.
#.###.#<..........#
#........>......>.#
###################


You could see an iguana and a kobold.


Message History

Found a dagger.
The kobold shouts!
The kobold moves out of view.
Found 8 gold pieces.
You hit the iguana but do no damage.
The iguana bites you but does no damage.
You closely miss the iguana. The iguana bites you.
You hit the iguana but do no damage. The kobold misses you.
The iguana barely misses you.
You barely miss the iguana. The kobold barely misses you.
The iguana bites you but does no damage.
You barely miss the iguana.
The kobold hits you with a +0 whip of electrocution.
The iguana misses you.
You hit the iguana but do no damage. The kobold barely misses you.
The iguana bites you!
* * * LOW HITPOINT WARNING * * *
You are too injured to fight recklessly!
You are too injured to fight recklessly!
You are too injured to fight recklessly!
You are too injured to fight recklessly!
You are too injured to fight recklessly!
You are too injured to fight recklessly!
You are too injured to fight recklessly!
You are too injured to fight recklessly!
It was a potion of mutation.
You feel extremely strange.
You feel clever.
Your fingernails lengthen.
The kobold hits you but does no damage.
You are electrocuted!
You die...

Skill      XL: |  1  2 |
---------------+-------+-----
Polearms       | 5 |  5.9
Fighting       | |  2.1
Throwing       | |  2.0
Dodging        | |  4.0

Action                     || total
---------------------------++-------
  Melee: Trident           ||    92
    Use: Potion            ||     1
   Stab: Distracted        ||     2
 Armour: Leather armour    ||    18
  Dodge: Dodged            ||    47

Levels and vault maps discovered:
D:1:      dpeg_arrival_tiny_i, layout_loops_ring, shapermc_ecumenical_altar_gd
D:2:      layout_loops_ring, uniq_jessica

Notes
Turn   | Place    | Note
-------+----------+-------------------------------------------
     0 | D:1      | demibob the Merfolk Gladiator began the quest for the Orb.
     0 | D:1      | Reached XP level 1. HP: 16/16 MP: 1/1
    53 | D:1      | Reached XP level 2. HP: 22/22 MP: 2/2
    54 | D:1      | Found a faded altar of an unknown god.
   152 | D:1      | Reached skill level 5 in Polearms
   261 | D:1      | Reached XP level 3. HP: 16/27 MP: 3/3
   444 | D:1      | You fall into a shaft and drop 1 floor!
   515 | D:2      | Noticed Jessica
   903 | D:2      | Gained mutation: Your mind is acute. (Int +4, Str/Dex -1)
                  | [potion of mutation]
   903 | D:2      | Gained mutation: You have sharp fingernails. [potion of
                  | mutation]
   903 | D:2      | Slain by a kobold

Vanquished Creatures
  2 dart slugs (D:1)
  A bat (D:1)
  5 endoplasms
  A giant cockroach (D:1)
  3 goblins (D:1)
  7 hobgoblins (D:1)
  3 quokkas
  6 ball pythons (D:1)
  A frilled lizard (D:1)
  2 kobolds (D:1)
  A rat (D:1)
32 creatures vanquished.

Vanquished Creatures (others)
  A fungus (D:1)
  A withered plant (D:1)
2 creatures vanquished.

Grand Total: 34 creatures vanquished

Table legend: (Time is in decaauts)
 A = Elapsed time spent in this place.
 B = Non-inter-level travel time spent in this place.
 C = Inter-level travel time spent in this place.
 D = Time resting spent in this place.
 E = Time spent auto-exploring this place.
 F = Levels seen in this place.
 G = Mean time per level.
                   A        B        C        D        E       F      G
               +--------+--------+--------+--------+--------+-----+--------+
         Total |    905 |    862 |     43 |      0 |    635 |   2 |  452.5 |
       Dungeon |    905 |    862 |     43 |      0 |    635 |   2 |  452.5 |
               +--------+--------+--------+--------+--------+-----+--------+

Top non-repeatable levels by time:
     D:1: 817 daAuts
     D:2: 88 daAuts

Table legend:
 A = Non-vault XP
 B = Vault XP
 C = Vault XP percentage of total XP
 D = Non-vault monster count
 E = Vault monster count
 F = Vault count percentage of total count
                 A         B        C        D         E       F
            +---------+---------+-------+---------+---------+-------
      Total |      60 |       0 |   0.0 |      32 |       0 |   0.0
            +---------+---------+-------+---------+---------+-------
        D:1 |      54 |       0 |   0.0 |      29 |       0 |   0.0
        D:2 |       6 |       0 |   0.0 |       3 |       0 |   0.0
            +---------+---------+-------+---------+---------+-------
